MID
GREENVILLE DRIVE @ WEST MICHIGAN WHITECAPS
06/09/2048
 
TOP OF THE 1ST
Greenville Drive batting - Pitching for West Michigan Whitecaps : RHP Dave Valdez
Pitching: RHP Dave Valdez
Batting: RHB Jim Hubbard 0-0: Bunt missed!
0-1: Ball
1-1: Called Strike
1-2: Fly out, F9 (Flyball, 9S, EV 94.4 MPH)
Batting: SHB Robert Soto 0-0: Swinging Strike
0-1: Ball
1-1: Swinging Strike
1-2: Ball
2-2: Foul Ball, location: 2F
2-2: Foul Ball, location: 2F
2-2: Ball
3-2: Foul Ball, location: 2F
3-2: Base on Balls
Batting: LHB Carlos Guerra 0-0: Ball
1-0: Called Strike
1-1: Swinging Strike
1-2: Foul Ball, location: 2F
1-2: Fly out, F7 (Flyball, 7D, EV 81.2 MPH)
Batting: LHB Danny Montoya 0-0: Ball
1-0: Called Strike
1-1: Fly out, F9 (Flyball, 9D, EV 91.2 MPH)
Top of the 1st over - 0 runs, 0 hits, 0 errors, 1 left on base; Greenville 0 - West Michigan 0
BOTTOM OF THE 1ST
West Michigan Whitecaps batting - Pitching for Greenville Drive : RHP Justin Swenson
Pitching: RHP Justin Swenson
Batting: SHB Willie Medina 0-0: Foul Ball, location: 2F
0-1: Fly out, F8 (Line Drive, 8RM, EV 85.6 MPH)
Batting: RHB Jon Goldstein 0-0: Swinging Strike
0-1: Foul Ball, location: 2F
0-2: Ground out 5-3 (Groundball, 56S, EV 70.6 MPH)
Batting: LHB Jamie Christian 0-0: Ball
1-0: Foul Ball, location: 2F
1-1: Foul Ball, location: 2F
1-2: Ball
2-2: Foul Ball, location: 2F
2-2: Strikes out swinging
Bottom of the 1st over - 0 runs, 0 hits, 0 errors, 0 left on base; Greenville 0 - West Michigan 0
TOP OF THE 2ND
Greenville Drive batting - Pitching for West Michigan Whitecaps : RHP Dave Valdez
Batting: LHB Eddie Contreras 0-0: Fly out, F8 (Flyball, 8RXD, EV 93.1 MPH)
Batting: LHB John Buff 0-0: Swinging Strike
0-1: Foul Ball, location: 2F
0-2: Ball
1-2: Ball
2-2: Ball
3-2: Foul Ball, location: 2F
3-2: Ground out 4-3 (Groundball, 4, EV 111.2 MPH)
Batting: RHB Tony Nunez 0-0: Ball
1-0: Ball
2-0: Ball
3-0: Called Strike
3-1: Base on Balls
Batting: RHB Bobby Schimke 0-0: Called Strike
0-1: Ball
Passed Ball!
Tony Nunez to second
1-1: Swinging Strike
1-2: Ball
2-2: Foul Ball, location: 2F
2-2: Ground out 6-3 (Groundball, 6, EV 90.6 MPH)
Top of the 2nd over - 0 runs, 0 hits, 0 errors, 1 left on base; Greenville 0 - West Michigan 0
BOTTOM OF THE 2ND
West Michigan Whitecaps batting - Pitching for Greenville Drive : RHP Justin Swenson
Batting: RHB German Quiroga 0-0: Foul Ball, location: 2F
0-1: Foul Ball, location: 2F
0-2: Ball
1-2: Foul Ball, location: 2F
1-2: Ball
2-2: Ground out 6-3 (Groundball, 6, EV 76.9 MPH)
Batting: LHB Jon Pedlar 0-0: Ball
1-0: Called Strike
1-1: Fly out, F9 (Line Drive, 9LM, EV 104.4 MPH)
Batting: RHB Joe Zimmerman 0-0: Called Strike
0-1: Ball
1-1: Swinging Strike
1-2: Strikes out swinging
Bottom of the 2nd over - 0 runs, 0 hits, 0 errors, 0 left on base; Greenville 0 - West Michigan 0
TOP OF THE 3RD
Greenville Drive batting - Pitching for West Michigan Whitecaps : RHP Dave Valdez
Batting: RHB Roger Mitchell 0-0: Ground out 2-3 (Groundball, 15S, EV 61.9 MPH)
Batting: RHB Jim Hubbard 0-0: Foul Ball, location: 2F
0-1: Ball
1-1: Foul Ball, location: 2F
1-2: Ball
2-2: Ball
3-2: Foul Ball, location: 2F
3-2: Strikes out swinging
Batting: SHB Robert Soto 0-0: Ball
1-0: Fly out, F7 (Line Drive, 7LM, EV 90.6 MPH)
Top of the 3rd over - 0 runs, 0 hits, 0 errors, 0 left on base; Greenville 0 - West Michigan 0
BOTTOM OF THE 3RD
West Michigan Whitecaps batting - Pitching for Greenville Drive : RHP Justin Swenson
Batting: RHB Scott Carr 0-0: Ball
1-0: Ball
2-0: SINGLE (Groundball, 6MD, EV 100.6 MPH)
Batting: RHB Yaremka Rzhevsky 0-0: Called Strike
0-1: Swinging Strike
0-2: Foul Ball, location: 2F
0-2: Ball
1-2: Strikes out swinging
Batting: LHB Steve Herrera 0-0: Ball
1-0: Called Strike
1-1: Ball
2-1: Called Strike
2-2: Strikes out swinging
Batting: SHB Willie Medina 0-0: Foul Ball, location: 2F
0-1: Ball
1-1: Called Strike
1-2: Strikes out looking
Bottom of the 3rd over - 0 runs, 1 hit, 0 errors, 1 left on base; Greenville 0 - West Michigan 0
TOP OF THE 4TH
Greenville Drive batting - Pitching for West Michigan Whitecaps : RHP Dave Valdez
Batting: LHB Carlos Guerra 0-0: Called Strike
0-1: Ball
1-1: Swinging Strike
1-2: Ball
2-2: Strikes out swinging
Batting: LHB Danny Montoya 0-0: Called Strike
0-1: Foul Ball, location: 2F
0-2: SOLO HOME RUN (Flyball, 9LD, EV 95.6 MPH), Distance : 352 ft
Batting: LHB Eddie Contreras 0-0: Ball
1-0: Ball
2-0: Called Strike
2-1: Foul Ball, location: 2F
2-2: Strikes out swinging
Batting: LHB John Buff 0-0: Ball
1-0: Ball
2-0: Called Strike
2-1: Foul Ball, location: 2F
2-2: Strikes out swinging
Top of the 4th over - 1 run, 1 hit, 0 errors, 0 left on base; Greenville 1 - West Michigan 0
BOTTOM OF THE 4TH
West Michigan Whitecaps batting - Pitching for Greenville Drive : RHP Justin Swenson
Batting: RHB Jon Goldstein 0-0: Called Strike
0-1: Ball
1-1: Swinging Strike
1-2: Foul Ball, location: 2F
1-2: Strikes out swinging
Batting: LHB Jamie Christian 0-0: Ball
1-0: Foul Ball, location: 2F
1-1: Foul Ball, location: 2F
1-2: DOUBLE (Flyball, 78XD, EV 98.8 MPH)
Batting: RHB German Quiroga 0-0: Fly out, F9 (Flyball, 9, EV 83.8 MPH)
Batting: LHB Jon Pedlar 0-0: Ball
1-0: Ball
2-0: Swinging Strike
2-1: Called Strike
2-2: Ball
3-2: Foul Ball, location: 2F
3-2: Strikes out looking
Bottom of the 4th over - 0 runs, 1 hit, 0 errors, 1 left on base; Greenville 1 - West Michigan 0
TOP OF THE 5TH
Greenville Drive batting - Pitching for West Michigan Whitecaps : RHP Dave Valdez
Batting: RHB Tony Nunez 0-0: Foul Ball, location: 2F
0-1: Swinging Strike
0-2: Foul Ball, location: 2F
0-2: Ball
1-2: Ball
2-2: Ball
3-2: Strikes out swinging
Pitching: RHP T.J. McCullough
Batting: RHB Bobby Schimke 0-0: Ball
1-0: Called Strike
1-1: Ball
2-1: Ball
3-1: Fly out, F4 (Popup, 34, EV 72.5 MPH)
Batting: RHB Roger Mitchell 0-0: Ball
1-0: Ground out U3 (Groundball, 34, EV 95.0 MPH)
Top of the 5th over - 0 runs, 0 hits, 0 errors, 0 left on base; Greenville 1 - West Michigan 0
BOTTOM OF THE 5TH
West Michigan Whitecaps batting - Pitching for Greenville Drive : RHP Justin Swenson
Batting: RHB Joe Zimmerman 0-0: Ball
1-0: Foul Ball, location: 2F
1-1: Foul Ball, location: 2F
1-2: Strikes out swinging
Batting: RHB Scott Carr 0-0: SINGLE (Groundball, 6MD, EV 101.2 MPH)
Batting: RHB Yaremka Rzhevsky 0-0: Called Strike
0-1: Ball
1-1: Ball
2-1: Ball
3-1: Foul Ball, location: 2F
3-2: Grounds into double play, 4-6-3 (Groundball, 4, EV 82.5 MPH)
Bottom of the 5th over - 0 runs, 1 hit, 0 errors, 0 left on base; Greenville 1 - West Michigan 0
TOP OF THE 6TH
Greenville Drive batting - Pitching for West Michigan Whitecaps : RHP T.J. McCullough
Batting: RHB Jim Hubbard 0-0: Ball
1-0: Ball
2-0: Foul Ball, location: 2F
2-1: Swinging Strike
2-2: Strikes out swinging
Batting: SHB Robert Soto 0-0: Ball
1-0: Ball
2-0: Ground out U3 (Groundball, 3L, EV 101.2 MPH)
Batting: LHB Carlos Guerra 0-0: Called Strike
0-1: Ball
1-1: Called Strike
1-2: SINGLE (Groundball, 4M, EV 85.6 MPH) (infield hit)
Batting: LHB Danny Montoya 0-0: Ground out 4-3 (Groundball, 4, EV 86.2 MPH)
Top of the 6th over - 0 runs, 1 hit, 0 errors, 1 left on base; Greenville 1 - West Michigan 0
BOTTOM OF THE 6TH
West Michigan Whitecaps batting - Pitching for Greenville Drive : RHP Justin Swenson
Batting: LHB Steve Herrera 0-0: Ball
1-0: Ball
2-0: Called Strike
2-1: Foul Ball, location: 2F
2-2: Foul Ball, location: 2F
2-2: Strikes out looking
Batting: SHB Willie Medina 0-0: Ball
1-0: Called Strike
1-1: Ball
2-1: Fly out, F9 (Flyball, 89M, EV 73.1 MPH)
Batting: RHB Jon Goldstein 0-0: Foul Ball, location: 2F
0-1: Ball
1-1: Ball
2-1: Ball
3-1: Foul Ball, location: 2F
3-2: Foul Ball, location: 2F
3-2: Base on Balls
Batting: LHB Jamie Christian 0-0: Ball
1-0: Ball
2-0: Called Strike
2-1: Swinging Strike
2-2: Foul Ball, location: 2F
2-2: Fly out, F8 (Flyball, 8RM, EV 93.8 MPH)
Bottom of the 6th over - 0 runs, 0 hits, 0 errors, 1 left on base; Greenville 1 - West Michigan 0
TOP OF THE 7TH
Greenville Drive batting - Pitching for West Michigan Whitecaps : RHP T.J. McCullough
Batting: LHB Eddie Contreras 0-0: Ball
1-0: Ground out 4-3 (Groundball, 4D, EV 97.5 MPH)
Batting: LHB John Buff 0-0: Called Strike
0-1: Ball
1-1: Foul Ball, location: 2F
1-2: Fly out, F7 (Flyball, 7, EV 87.5 MPH)
Batting: RHB Tony Nunez 0-0: Ball
1-0: Ground out 5-3 (Groundball, 56S, EV 69.4 MPH)
Top of the 7th over - 0 runs, 0 hits, 0 errors, 0 left on base; Greenville 1 - West Michigan 0
BOTTOM OF THE 7TH
West Michigan Whitecaps batting - Pitching for Greenville Drive : RHP Justin Swenson
Pitching: RHP Paul Carter
Batting: RHB German Quiroga 0-0: Fly out, F7 (Line Drive, 78S, EV 86.9 MPH)
Batting: LHB Jon Pedlar 0-0: Ball
1-0: Called Strike
1-1: Ball
2-1: Foul Ball, location: 2F
2-2: Fly out, F8 (Flyball, 8RM, EV 93.1 MPH)
Pinch Hitting: LHB George Moran 0-0: Ball
1-0: Swinging Strike
1-1: Called Strike
1-2: Ball
2-2: Strikes out swinging
Bottom of the 7th over - 0 runs, 0 hits, 0 errors, 0 left on base; Greenville 1 - West Michigan 0
TOP OF THE 8TH
Greenville Drive batting - Pitching for West Michigan Whitecaps : RHP T.J. McCullough
Now in LF: Willie Medina
Now in CF: George Moran
Batting: RHB Bobby Schimke 0-0: Ball
1-0: Ball
2-0: Called Strike
2-1: Called Strike
2-2: Ball
3-2: Strikes out swinging
Batting: RHB Roger Mitchell 0-0: Ground out 4-3 (Groundball, 4, EV 82.5 MPH)
Batting: RHB Jim Hubbard 0-0: Ball
1-0: Ground out 6-3 (Groundball, 6M, EV 101.9 MPH)
Top of the 8th over - 0 runs, 0 hits, 0 errors, 0 left on base; Greenville 1 - West Michigan 0
BOTTOM OF THE 8TH
West Michigan Whitecaps batting - Pitching for Greenville Drive : RHP Paul Carter
Now at 2B: Bobby Schimke
Now at SS: Adugna Chandu
Batting: RHB Scott Carr 0-0: Ball
1-0: Called Strike
1-1: Foul Ball, location: 2F
1-2: Ball
2-2: Ball
3-2: Ground out 6-3 (Groundball, 56, EV 104.4 MPH)
Batting: RHB Yaremka Rzhevsky 0-0: Swinging Strike
0-1: Ball
1-1: Ball
2-1: Ball
3-1: Ground out 6-3 (Groundball, 6, EV 87.5 MPH)
Batting: LHB Steve Herrera 0-0: Swinging Strike
0-1: Swinging Strike
0-2: Strikes out looking
Bottom of the 8th over - 0 runs, 0 hits, 0 errors, 0 left on base; Greenville 1 - West Michigan 0
TOP OF THE 9TH
Greenville Drive batting - Pitching for West Michigan Whitecaps : RHP T.J. McCullough
Pitching: LHP Chris Thomas
Batting: SHB Robert Soto 0-0: Foul Ball, location: 2F
0-1: Ground out 6-3 (Groundball, 6M, EV 96.9 MPH)
Batting: LHB Carlos Guerra 0-0: Called Strike
0-1: Ball
1-1: Fly out, F8 (Flyball, 89D, EV 98.1 MPH)
Batting: LHB Danny Montoya 0-0: Ball
1-0: SINGLE (Line Drive, 3D, EV 95.6 MPH)
Batting: LHB Eddie Contreras 0-0: Called Strike
0-1: Foul Ball, location: 2F
0-2: Ground out 6-3 (Groundball, 56D, EV 81.9 MPH)
Top of the 9th over - 0 runs, 1 hit, 0 errors, 1 left on base; Greenville 1 - West Michigan 0
BOTTOM OF THE 9TH
West Michigan Whitecaps batting - Pitching for Greenville Drive : RHP Paul Carter
Pitching: LHP Jason Salzer
Batting: SHB Willie Medina 0-0: Foul Ball, location: 2F
0-1: Ball
1-1: Ground out 6-3 (Groundball, 6, EV 95.6 MPH)
Batting: RHB Jon Goldstein 0-0: Called Strike
0-1: Ground out 6-3 (Groundball, 6, EV 102.5 MPH)
Batting: LHB Jamie Christian 0-0: Ground out U3 (Groundball, 3, EV 103.8 MPH)
Bottom of the 9th over - 0 runs, 0 hits, 0 errors, 0 left on base; Greenville 1 - West Michigan 0
Tuesday, March 28th , 2023 - OOTP Baseball 23.10 Build 110